 Dungeon Crawl Stone Soup version 0.26-a0-667-g92642533e4 (webtiles) character file.

Game seed: 6888602792614201662

34453 DogServant the Martial Artist (level 13, 0/106 HPs)
             Began as a Merfolk Transmuter on Oct 18, 2020.
             Was the Champion of Okawaru.
             Slain by a 12-headed hydra (4 damage)
             ... on level 6 of the Lair of Beasts.
             The game lasted 00:39:39 (19423 turns).

DogServant the Martial Artist (Merfolk Transmuter) Turns: 19423, Time: 00:39:39

Health: 0/106      AC: 12    Str: 13    XL:     13   Next: 77%
Magic:  14/19      EV: 23    Int: 12    God:    Okawaru [******]
Gold:   1346       SH:  0    Dex: 17    Spells: 6/20 levels left

rFire    . . .     SeeInvis .     - Unarmed
rCold    . . .     Faith    .   (shield currently unavailable)
rNeg     . . .     Spirit   .   H - +2 troll leather armour
rPois    .         Reflect  .   (no helmet)
rElec    .         Harm     .   A - +0 cloak
rCorr    .         Rampage  .   (gloves currently unavailable)
MR       .....                  (no boots)
Stlth    +++.......             (no amulet)
HPRegen  0.67/turn              d - +4 ring of slaying
MPRegen  0.16/turn              o - +4 ring of protection

@: blade hands, heroism, studying Crossbows
A: change form in water, swift swim, stealthy swim
a: End Transformation, Heroism, Finesse, Renounce Religion


You were on level 6 of the Lair of Beasts.
You worshipped Okawaru.
Okawaru was exalted by your worship.
You had blades for hands.
You visited 3 branches of the dungeon, and saw 19 of its levels.

You collected 1346 gold pieces.

Inventory:

Missiles
 g - 3 atropa-tipped darts
 z - 9 javelins (quivered)
Armour
 j - the +2 pair of gloves of the Evening Star (melded) {rElec}
   (You found it on level 8 of the Dungeon)

   It insulates you from electricity.
 u - a +0 buckler
 A - a +0 cloak (worn)
 F - a +2 ring mail of fire resistance
 H - a +2 troll leather armour (worn)
 J - the +0 pair of gloves of Understanding {Int+2, unknown}
   (Okawaru gifted it to you on level 11 of the Dungeon)

   It affects your intelligence (+2).
 R - a +2 ring mail of poison resistance
Jewellery
 d - a +4 ring of slaying (left scythe-like blade)
 o - a +4 ring of protection (right scythe-like blade)
 r - an uncursed ring of wizardry
 v - an uncursed ring of fire {unknown}
 y - an uncursed ring of protection from cold
 E - an uncursed ring of see invisible
 N - a +6 ring of strength {unknown}
 O - an uncursed ring of flight {unknown}
 T - an uncursed ring of wizardry
 V - an uncursed amulet of faith {unknown}
 X - a cursed amulet of inaccuracy {unknown}
Wands
 a - a wand of digging (5)
 s - a wand of random effects (25)
 x - a wand of disintegration (20)
 B - a wand of paralysis (18)
 I - a wand of flame (23)
 K - a wand of acid (8)
 S - a wand of enslavement (21)
 W - a wand of polymorph (10)
Scrolls
 c - 6 scrolls of teleportation
 l - 3 scrolls of fear
 q - 6 scrolls of remove curse
 t - 3 scrolls of enchant weapon
 w - 2 scrolls of enchant armour
 M - a scroll of amnesia
 P - 6 scrolls of identify
 Q - a scroll of fog
Potions
 b - 4 potions of degeneration
 e - 2 potions of magic
 f - 3 potions of brilliance
 i - 2 potions of lignification
 k - 2 potions of ambrosia
 m - 5 potions of curing
 n - 4 potions of haste
 p - a potion of might
 D - a potion of berserk rage
 G - 4 potions of resistance {unknown}
 L - a potion of flight {unknown}
 U - 2 potions of mutation {unknown}
Books
 C - a manual of Crossbows


   Skills:
 - Level 11.0(16.0) Fighting
 - Level 1.0(6.0) Armour
 - Level 10.2(15.2) Dodging
 + Level 13.5(18.5) Unarmed Combat
 - Level 4.0 Spellcasting
 - Level 12.6 Transmutations
 - Level 6.1 Ice Magic
 - Level 3.0 Poison Magic
 + Level 7.2 Invocations
 + Level 6.2 Evocations


You had 6 spell levels left.
You knew the following spells:

 Your Spells              Type           Power        Failure   Level
a - Beastly Appendage     Tmut           ####..       8%          1
b - Wereblood             Tmut           ####....     9%          2
c - Spider Form           Tmut/Pois      ###.......   26%         3
d - Blade Hands           Tmut           ####......   30%         5
e - Frozen Ramparts       Ice            ###...       38%         3

Your spell library contained the following spells:

 Spells                   Type           Power        Failure   Level
 Freeze                   Ice            ###.         22%         1
 Passwall                 Tmut/Erth      ###.....     26%         2
 Ice Form                 Ice/Tmut       ###.....     36%         4
 Ozocubu's Armour         Ice            ###.....     38%         3
 Petrify                  Tmut/Erth      ###.....     63%         4
 Apportation              Tloc           #.....       69%         1
 Corona                   Hex            #......      69%         1
 Sandblast                Erth           #.....       69%         1
 Alistair's Intoxication  Tmut/Pois      ###......    73%         5
 Slow                     Hex            #.......     80%         2
 Yara's Violent Unravell  Hex/Tmut       ###.......   87%         5
 Hailstorm                Conj/Ice       #.......     92%         4
 Summon Ice Beast         Ice/Summ       #.......     92%         4
 Inner Flame              Hex/Fire       #.......     93%         3
 Lesser Beckoning         Tloc           #.........   93%         3
 Portal Projectile        Hex/Tloc       #.....       93%         3
 Stone Arrow              Conj/Erth      #.....       93%         3
 Tukima's Dance           Hex            #.......     93%         3
 Cause Fear               Hex            #.........   99%         4
 Leda's Liquefaction      Hex/Erth       #.........   99%         4
 Summon Lightning Spire   Summ/Air       #.......     99%         4
 Lee's Rapid Deconstruct  Erth           #.........   100%        5
 Silence                  Hex/Air        #.........   100%        5
 Conjure Ball Lightning   Conj/Air       #.........   100%        6
 Invisibility             Hex            #.......     100%        6
 Discord                  Hex            #.........   100%        8
 Tornado                  Air            #.........   100%        9


Dungeon Overview and Level Annotations

Branches:
Dungeon (12/15)            Temple (1/1) D:6            Lair (6/6) D:11
  Swamp (0/4) Lair:3        Snake (0/4) Lair:3          Orc (0/2) D:9
  Slime: Lair:5-6

Altars:
Ashenzari
Cheibriados
Dithmenos
Elyvilon
Fedhas
Gozag
Hepliaklqana
Kikubaaqudgha
Makhleb
Nemelex Xobeh
Okawaru
Qazlal
Ru
Sif Muna
Trog
Uskayaw
Vehumet
Wu Jian
Xom
Yredelemnul
Zin
The Shining One

Shops:
D:5 (   D:12 (

Annotations:
D:4 2 transporters, YoungGLord's ghost, amateur GrEE
D:10 1 runed translucent door


Message History

The 12-headed hydra closely misses you.
The 12-headed hydra completely misses you.
The cane toad barely misses you.
You feel much better.
The 12-headed hydra is no longer covered in acid.
A yak comes into view.
The 12-headed hydra closely misses you.
The 12-headed hydra completely misses you.
The 12-headed hydra bites you!
* * * LOW HITPOINT WARNING * * *
The 12-headed hydra bites you!
* * * LOW HITPOINT WARNING * * *
The 12-headed hydra bites you!
* * * LOW HITPOINT WARNING * * *
The 12-headed hydra bites you.
* * * LOW HITPOINT WARNING * * *
The 12-headed hydra bites you but does no damage.
The 12-headed hydra completely misses you.
The 12-headed hydra misses you. The 12-headed hydra bites you.
You die...

## ##
#.##############.###
...#.#..##.##....#.P...P
.......F@............P...
.......D.........<.......
............†.#..P....P.#
.........................
#..###....P..#..P#..#.#..
... #.P.#...##.##.......
.. .Y.......#####.......
...P...P## #..#....
......# ###.....


You could see a 12-headed hydra, a yak (wandering) and a cane toad.

Vanquished Creatures
  6 hydras
  Erica (D:10)
  A two-headed ogre (D:12)
  Urug (Lair:3)
  An unseen horror (D:10)
  4 oklob plants
  An ugly thing (D:10)
  A deep elf mage (D:12)
  7 black mambas
  A torpor snail (Lair:6)
  9 cane toads
  2 rime drakes
  A kobold demonologist (D:12)
  7 komodo dragons
  2 trolls (D:9)
  16 blink frogs
  2 slime creatures (D:12)
  6 dream sheep (Lair:4)
  A hornet (Lair:2)
  Sigmund (D:3)
  3 wyverns
  3 fire bats (Lair:2)
  7 vampire mosquitoes
  A basilisk (Lair:1)
  13 yaks
  A soldier ant (D:11)
  A warg (D:9)
  An acid dragon (D:11)
  17 water moccasins
  2 ice beasts
  3 orc warriors
  3 sky beasts
  2 phantoms
  An eye of draining (D:10)
  5 black bears
  3 necrophages
  5 centaurs
  5 ogres
  7 wolves
  A big kobold (D:10)
  15 bullfrogs
  A wyvern skeleton (D:11)
  5 scorpions
  A water moccasin skeleton (D:9)
  5 killer bees (D:11)
  12 wights
  3 howler monkeys (D:11)
  A bullfrog zombie (D:9)
  A centaur zombie (D:8)
  2 centaur skeletons (D:12)
  3 bullfrog skeletons
  12 orc priests
  3 hounds
  2 iguanas
  Terence (D:3)
  2 hell rats (Lair:1)
  8 orc wizards
  8 worker ants
  2 hound skeletons (D:8)
  A worker ant zombie (D:10)
  21 adders
  11 river rats (Lair:1)
  A shadow imp (D:9)
  A white imp (D:9)
  5 ufetubi
  3 oozes
  An adder zombie (D:7)
  A worm (D:3)
  3 dart slugs
  2 leopard geckos
  50 orcs
  5 bats
  10 giant cockroaches
  18 goblins
  7 hobgoblins
  13 jackals
  7 quokkas
  3 ball pythons
  8 frilled lizards
  2 goblin skeletons (D:9)
  4 hobgoblin zombies (D:9)
  12 kobolds
  2 kobold skeletons (D:9)
  A leopard gecko skeleton (D:4)
  2 orc skeletons (D:9)
  An orc zombie (D:9)
  11 rats
448 creatures vanquished.

Vanquished Creatures (others)
  7 fungi
  35 plants
42 creatures vanquished.

Grand Total: 490 creatures vanquished

Notes
Turn   | Place    | Note
-------+----------+-------------------------------------------
     0 | D:1      | DogServant the Merfolk Transmuter began the quest for the
                  | Orb.
     0 | D:1      | Reached XP level 1. HP: 15/15 MP: 3/3
    35 | D:1      | Reached XP level 2. HP: 16/21 MP: 3/5
    42 | D:1      | Reached skill level 4 in Unarmed Combat
   339 | D:1      | Learned a level 2 spell: Wereblood
   395 | D:1      | Reached XP level 3. HP: 23/26 MP: 3/6
  1059 | D:2      | Reached skill level 5 in Unarmed Combat
  1093 | D:2      | Reached XP level 4. HP: 22/32 MP: 5/7
  1302 | D:2      | Found a faded altar of an unknown god.
  1878 | D:3      | Noticed Sigmund
  1904 | D:3      | Killed Sigmund
  1904 | D:3      | Reached skill level 6 in Unarmed Combat
  1904 | D:3      | Reached XP level 5. HP: 36/37 MP: 4/8
  1904 | D:3      | Reached XP level 6. HP: 42/43 MP: 4/9
  2451 | D:3      | Reached skill level 5 in Transmutations
  2602 | D:3      | Noticed Terence
  2618 | D:3      | Killed Terence
  3133 | D:4      | Reached skill level 5 in Dodging
  3322 | D:4      | Found a transporter.
  3324 | D:4      | Noticed YoungGLord's ghost (amateur GrEE)
  3352 | D:4      | Reached XP level 7. HP: 35/48 MP: 6/10
  4035 | D:4      | Learned a level 3 spell: Spider Form
  4606 | D:4      | Found a transporter.
  4670 | D:4      | Reached skill level 1 in Poison Magic
  5037 | D:5      | Entered Level 5 of the Dungeon
  5134 | D:5      | Got a shadowed robe
  5145 | D:5      | Identified the +1 robe of Pandemonium {-Cast rF+++ Slay+5}
                  | (You found it on level 5 of the Dungeon)
  5258 | D:5      | Found a sacrificial altar of Ru.
  5387 | D:5      | Reached skill level 7 in Unarmed Combat
  5387 | D:5      | Reached XP level 8. HP: 27/54 MP: 9/11
  5841 | D:5      | Found Qurathruw's Weapon Emporium.
  6174 | D:6      | Found a sparkling altar of Nemelex Xobeh.
  6188 | D:6      | Reached skill level 8 in Unarmed Combat
  6407 | D:6      | Found a staircase to the Ecumenical Temple.
  6423 | Temple   | Entered the Ecumenical Temple
  7051 | D:6      | Found a hazy altar of Hepliaklqana.
  7453 | D:7      | Found an iron altar of Okawaru.
  7464 | D:7      | Found a shimmering altar of Xom.
  7466 | D:7      | Became a worshipper of Warmaster Okawaru
  7496 | D:7      | Found a shimmering blue altar of Sif Muna.
  7497 | D:7      | Found an ancient bone altar of Kikubaaqudgha.
  7498 | D:7      | Found a radiant altar of Vehumet.
  7502 | D:7      | Identified Sif Muna's Almanac of Changing
  7575 | D:7      | Reached skill level 1 in Evocations
  8327 | D:7      | Reached skill level 9 in Unarmed Combat
  8342 | D:7      | Learned a level 5 spell: Blade Hands
  8464 | D:7      | Reached * piety under Okawaru
  8464 | D:7      | Reached XP level 9. HP: 45/61 MP: 10/12
  8692 | D:8      | Reached skill level 1 in Invocations
  8716 | D:8      | Found a stormy altar of Qazlal.
  8726 | D:8      | Found a blossoming altar of Fedhas.
  8944 | D:8      | Got a pair of translucent gloves
  8950 | D:8      | Identified the +2 pair of gloves of the Evening Star
                  | {rElec} (You found it on level 8 of the Dungeon)
  9089 | D:8      | Found an opulent altar of Gozag.
  9268 | D:8      | Reached ** piety under Okawaru
  9775 | D:8      | Reached skill level 10 in Unarmed Combat
  9837 | D:8      | Found a shimmering blue altar of Sif Muna.
 10128 | D:9      | Reached XP level 10. HP: 55/67 MP: 6/13
 10251 | D:9      | Found a glowing golden altar of the Shining One.
 10329 | D:9      | Found a staircase to the Orcish Mines.
 10335 | D:9      | Reached skill level 10 in Transmutations
 10886 | D:9      | Reached *** piety under Okawaru
 10985 | D:9      | Noticed a two-headed ogre
 11018 | D:10     | Entered Level 10 of the Dungeon
 11023 | D:10     | Reached skill level 11 in Unarmed Combat
 11024 | D:10     | Noticed Erica
 11042 | D:10     | Killed Erica
 11042 | D:10     | Reached **** piety under Okawaru
 11428 | D:10     | Killed an unseen horror
 11428 | D:10     | Reached skill level 5 in Fighting
 11505 | D:10     | Noticed a cyan ugly thing
 11525 | D:10     | Reached ***** piety under Okawaru
 11661 | D:10     | Killed a cyan ugly thing
 11661 | D:10     | Reached XP level 11. HP: 83/83 MP: 11/17
 11922 | D:10     | Learned a level 3 spell: Frozen Ramparts
 11961 | D:10     | Reached skill level 1 in Ice Magic
 12304 | D:10     | Found a runed translucent door.
 12304 | D:10     | Noticed a wolf spider
 12304 | D:10     | Noticed a yaktaur captain
 12304 | D:10     | Noticed a deep elf high priest
 12305 | D:10     | Identified the +8 executioner's axe of Bim Diwemnagh
                  | {vorpal, Int+2}
 12306 | D:10     | Noticed a sphinx
 12306 | D:10     | Noticed a yaktaur captain
 12306 | D:10     | Noticed a deep elf archer
 12306 | D:10     | Noticed an ettin
 12306 | D:10     | Noticed a frost giant
 12307 | D:10     | Found the +9 scales of the Dragon King {rPois rF+ rC+ MR+}
 12502 | D:11     | Noticed an oklob plant
 12748 | D:11     | Found a staircase to the Lair.
 12748 | D:11     | Noticed an oklob plant
 12831 | D:11     | Received a gift from Okawaru
 12835 | D:11     | Got a pair of transparent gloves {god gift}
 13271 | D:11     | Killed an oklob plant
 13371 | D:11     | Killed an oklob plant
 13471 | D:12     | Found Yddemnuodgh's Weapon Shop.
 13542 | D:12     | Noticed a two-headed ogre
 13548 | D:12     | Killed a two-headed ogre
 13554 | D:12     | Noticed a soul eater
 13658 | D:12     | Noticed a deep elf mage
 13669 | D:12     | Killed a deep elf mage
 13713 | Lair:1   | Entered Level 1 of the Lair of Beasts
 13759 | Lair:1   | Noticed a seven-headed hydra
 13760 | Lair:1   | Reached skill level 5 in Ice Magic
 13771 | Lair:1   | Killed a 12-headed hydra
 13904 | Lair:1   | Noticed an oklob plant
 13922 | Lair:1   | Killed an oklob plant
 13922 | Lair:1   | Reached XP level 12. HP: 74/95 MP: 13/18
 14961 | Lair:2   | Received a gift from Okawaru
 14966 | Lair:2   | Reached skill level 10 in Fighting
 15336 | Lair:2   | Noticed an eight-headed hydra
 15344 | Lair:2   | Killed a ten-headed hydra
 15530 | Lair:2   | Reached ****** piety under Okawaru
 15580 | Lair:2   | Reached skill level 12 in Unarmed Combat
 16127 | Lair:3   | Reached skill level 10 in Dodging
 16171 | Lair:3   | Found a staircase to the Swamp.
 16366 | Lair:3   | Noticed Urug
 16375 | Lair:3   | Killed Urug
 16375 | Lair:3   | Received a gift from Okawaru
 16375 | Lair:3   | Reached XP level 13. HP: 106/106 MP: 13/19
 16496 | Lair:3   | Found a staircase to the Snake Pit.
 16574 | Lair:3   | Reached skill level 1 in Armour
 16928 | Lair:4   | Reached skill level 5 in Invocations
 17409 | Lair:4   | Received a gift from Okawaru
 17409 | Lair:4   | Reached skill level 13 in Unarmed Combat
 17601 | Lair:4   | Reached skill level 5 in Evocations
 19174 | Lair:5   | You fall into a shaft and drop 1 floor!
 19174 | Lair:6   | Entered Level 6 of the Lair of Beasts
 19423 | Lair:6   | HP: 4/106 [12-headed hydra (6)]
 19423 | Lair:6   | Slain by a 12-headed hydra

Illustrated notes

Levels and vault maps discovered:
D:1:      ebering_hopf_link, layout_basic
D:2:      layout_basic, chequers_ecumenical_altar_simple, hangedman_decor_push
D:3:      layout_loops_ring, grunt_ministairs_5, uniq_terence, uniq_sigmund
D:4:      layout_layer_cave, gammafunk_ghost_mausoleum
D:5:      layout_gridville, nicolae_ru_sacrificial_ziggurat, serial_shops,
          shop_coins, minmay_ogre_servants
D:6:      layout_layer_cave, lemuel_coloured_pillars_altar,
          nemelex_xobeh_ov_fountains_minmay, minmay_temple_entry_offerings
D:7:      layout_cave_pools, grunt_temple_overflow_magic_moments,
          grunt_temple_overflow_open, nicolae_sextant
D:8:      layout_basic, grunt_temple_overflow_forces_of_nature,
          lemuel_crystal_altar, basic_altar, minmay_manual_moon
D:9:      layout_cave_pools, nicolae_tso_besieged_by_evil, david_orc_3,
          minmay_fractal_squares_5
D:10:     minmay_gate_of_8, layout_irregular_city, uniq_erica
D:11:     layout_small_grid, dpeg_oklobed_lair, minmay_misc_feat_hallway,
          minmay_misc_feat_iff
D:12:     layout_cave_pools, serial_shops, nicolae_shop_statue_plus,
          nicolae_shop_window_shopping, enter_bailey_2, minmay_bent
Temple:   compressed_dpeg_circular_temple
Lair:1:   layout_gridlike, nicolae_quartered_pool_super, kennysheep_rathole,
          minmay_lair_oklob_chamber
Lair:2:   minmay_lair_venomous_thicket, layout_big_grid,
          nicolae_volcano_entry_batcave
Lair:3:   layout_loops_ring, minmay_swamp_entry_swarm,
          minmay_snake_entry_six_corridors, uniq_urug
Lair:4:   layout_cellular_growth, grunt_megastairs_5
Lair:5:   layout_concentric_octagons, lemuel_fruit_tree
Lair:6:   cheibrodos_lair_end_hotspot, layout_long_grid,
          dpeg_slime_entry_enclosed_altar, hellmonk_ghost_happy_afterlife

Skill      XL: |  1  2  3  4  5  6  7  8  9 10 11 12 13 |
---------------+----------------------------------------+-----
Unarmed Combat | 4 5 6 7 9 10 11 12 13 | 13.5
Dodging        | 4 5 6 7 10 | 10.2
Transmutations | 4 5 6 7 9 10 12 | 12.6
Poison Magic   | 3 |  3.0
Fighting       | 2 6 9 11 | 11.0
Evocations     | 2 3 6 |  6.2
Invocations    | 3 4 7 |  7.2
Spellcasting   | 4 |  4.0
Ice Magic      | 5 6 |  6.1
Armour         | 1 |  1.0

Action                   |  1- 3 |  4- 6 |  7- 9 | 10-12 | 13-15 || total
-------------------------+-------+-------+-------+-------+-------++-------
Melee: Unarmed           |    97 |   121 |   298 |   448 |   168 ||  1132
       Headbutt          |     9 |    10 |    41 |    16 |     2 ||    78
       Punch             |     1 |     1 |     4 |    18 |    12 ||    36
Throw: Dart              |       |       |     1 |       |       ||     1
       Javelin           |       |       |       |     3 |     4 ||     7
       Throwing net      |       |       |       |     2 |       ||     2
 Cast: Beastly Appendage |    14 |    18 |    36 |    10 |     3 ||    81
       Wereblood         |     4 |     4 |    14 |    14 |     4 ||    40
       Spider Form       |       |       |     6 |       |       ||     6
       Blade Hands       |       |       |     1 |    54 |    23 ||    78
Invok: Heroism           |       |       |       |     1 |     5 ||     6
Evoke: Wand              |       |       |     7 |     9 |     7 ||    23
  Use: Scroll            |     3 |     2 |    14 |     6 |       ||    25
       Potion            |       |     3 |       |     6 |     3 ||    12
 Stab: Sleeping          |     1 |     4 |     2 |       |       ||     7
       Invisible         |       |       |     1 |       |       ||     1
       Distracted        |       |       |     1 |       |       ||     1
Armor: Robe              |     8 |     9 |    32 |    19 |       ||    68
       Skin              |       |       |     4 |       |       ||     4
       Troll leather arm |       |       |       |   135 |    48 ||   183
Dodge: Dodged            |    56 |    67 |   184 |   367 |   223 ||   897

Table legend: (Time is in decaauts)
 A = Elapsed time spent in this place.
 B = Non-inter-level travel time spent in this place.
 C = Inter-level travel time spent in this place.
 D = Time resting spent in this place.
 E = Time spent auto-exploring this place.
 F = Levels seen in this place.
 G = Mean time per level.
                   A        B        C        D        E       F      G
               +--------+--------+--------+--------+--------+-----+--------+
         Total |  19210 |  18677 |    533 |   2875 |  13203 |  19 | 1011.1 |
       Dungeon |  13409 |  12979 |    430 |   1978 |   9050 |  12 | 1117.4 |
        Temple |    172 |    164 |      8 |      0 |    164 |   1 |  172.0 |
          Lair |   5627 |   5533 |     94 |    897 |   3989 |   6 |  937.8 |
               +--------+--------+--------+--------+--------+-----+--------+

Top non-repeatable levels by time:
     D:4: 1951 daAuts
     D:8: 1375 daAuts
  Lair:4: 1361 daAuts
    D:10: 1356 daAuts
     D:7: 1240 daAuts
     D:3: 1229 daAuts
  Lair:1: 1147 daAuts
     D:5: 1109 daAuts
    D:11: 1101 daAuts
     D:6: 1095 daAuts
  Lair:2: 1017 daAuts
     D:1: 1014 daAuts
  Lair:3: 975 daAuts
     D:9: 927 daAuts
  Lair:5: 880 daAuts
